Unix NetHack Version 3.7.0-101 Work-in-progress - last build Apr 1 2024 13:39:02 (cf3915abb6dcc6e3362b2b16a766b7b4f6c45fc9,branch:master). Game began 2024-04-05 08:24:05, ended 2024-04-06 15:51:14. spontiff, neutral male gnomish Healer -------------- -------------- |).(.........| #.............| |.............# #|............| |.....>......|# #|............| |m. |............|# #|............| |@d --------------# #|............| #-)m # #---.---|------ #|.( # ###### ## ## # # # ## # ## # ### # # # # # # # # # # # ## # # ## # # # # -.-|---- ## # # |......| ## #--------# |......| # #-.......# |......|## |....<.| |......-# -------- -------- Spontiff the Rhizotomist St:9 Dx:13 Co:14 In:8 Wi:18 Ch:16 Neutral S:391 Dlvl:3 $:1668 HP:0(27) Pw:5(5) AC:-1 Xp:1/0 T:1401 Latest messages: The door resists! The door opens. The dog picks up a boomerang. You hear someone counting gold coins. What do you want to use or apply? [ksxIS or ?*] s In what direction? k You hear nothing special. What do you want to use or apply? [ksxIS or ?*] s In what direction? l You hear a hollow sound. This must be a secret door! What do you want to use or apply? [ksxIS or ?*] s In what direction? h You hear nothing special. You swap places with your dog. The door opens. The dog misses it. The dog misses it. The dog bites the small mimic. The small mimic hits! The dog bites the small mimic. What do you want to use or apply? [ksxIS or ?*] s In what direction? u Status of the small mimic (neutral, medium): Level 6 HP 11(23) AC 7. You hear some noises. The dog bites the small mimic. What do you want to use or apply? [ksxIS or ?*] s In what direction? l Status of the dog (neutral, medium): Level 4 HP 26(26) AC 5, tame. What do you want to use or apply? [ksxIS or ?*] s In what direction? . Status of spontiff (fervently neutral): Level 1 HP 23(27) AC -1. What do you want to use or apply? [ksxIS or ?*] s In what direction? l Status of the dog (neutral, medium): Level 4 HP 20(26) AC 5, tame. What do you want to use or apply? [ksxIS or ?*] s In what direction? n Status of the small mimic (neutral, medium): Level 6 HP 7(21) AC 7. You see here a boomerang. You swap places with your dog. You see here a chest. What do you want to use or apply? [ksxIS or ?*] s In what direction? j Status of the dog (neutral, medium): Level 4 HP 21(26) AC 5, tame. Wait! That's a giant mimic! The small mimic hits! The giant mimic hits! The giant mimic hits again! You die... Do you want your possessions identified? [ynq] (y) y Do you want to see the dungeon overview? [ynq] (y) y Inventory: Coins $ - 1668 gold pieces Armor h - a blessed +2 dwarvish iron helm (being worn) H - a blessed +2 orcish helm g - an uncursed +1 pair of leather gloves (being worn) v - an uncursed +0 pair of iron shoes (being worn) r - a blessed +1 dwarvish roundshield (being worn) q - a blessed +0 dwarvish cloak (being worn) Comestibles y - an uncursed apple n - 2 uncursed food rations u - an uncursed lichen corpse Scrolls z - a cursed scroll of gold detection A - an uncursed scroll of identify D - an uncursed scroll of teleportation Spellbooks I - an uncursed spellbook of chain lightning Potions b - an uncursed potion of gain energy c - a blessed potion of healing named blessed B - a blessed potion of monster detection Wands S - an uncursed wand of sleep (0:6) Tools x - an uncursed oil lamp k - an uncursed skeleton key s - an uncursed stethoscope Gems/Stones G - an uncursed obsidian stone E - 2 cursed topaz stones Spontiff the Healer's attributes: Background: You were a Rhizotomist, a level 1 male gnomish Healer. You were neutral, on a mission for Hermes who was opposed by Athena (lawful) and Poseidon (chaotic). You were left-handed. You were in the Dungeons of Doom, on level 3. You entered the dungeon 1401 turns ago. You had 0 experience points, 20 were needed to attain level 2. Your score was 391 before end-of-game adjustments. Basics: You had 0 out of 27 hit points. You had all 5 energy points (spell power). Your armor class was -1. Your wallet contained 1668 zorkmids. Autopickup was on for '$!/="?' plus thrown, with exceptions. Final Characteristics: Your strength was 9 (limit:18/50). Your dexterity was 13 (limit:18). Your constitution was 14 (limit:18). Your intelligence was 8 (limit:19). Your wisdom was 18 (limit:18). Your charisma was 16 (limit:18). Final Status: You were held by a giant mimic (southeast). You weren't hungry. You were unencumbered. You were empty handed. You were unskilled in bare handed combat. Final Attributes: You were fervently aligned. Your items were somewhat protected from fire. Your items were somewhat protected from cold. You were poison resistant. You had infravision. You were warded. You are dead. Miscellaneous: You never encountered a bones level. Total elapsed playing time was 13 minutes and 2 seconds. Major events: Turn 1: spontiff the neutral male gnomish Healer entered the dungeon 257: entered the Gnomish Mines 1401: killed by a giant mimic Vanquished creatures: a dwarf 2 gnomes 2 gnome zombies 4 foxes 2 kobolds a goblin 2 sewer rats 2 grid bugs 3 lichens 4 newts 23 creatures vanquished. No species were genocided or became extinct. Voluntary challenges: You never hit with a wielded weapon. You were a pacifist. You were illiterate. You never engraved Elbereth. You never genocided any monsters. You never polymorphed an object. You never changed form. You used no wishes. Achievement: You entered the Gnomish Mines. The Dungeons of Doom: levels 1 to 4 Level 1: Some fountains. Level 2: "go down to mines WITHOUT dog if dog >25, spore by upstair; STASHLET" A fountain. Stairs down to The Gnomish Mines. Level 3: <- You were here. Final resting place for you, killed by a giant mimic. Level 4: A sink. The Gnomish Mines: Level 3: Game over: ---------- / \ / REST \ / IN \ / PEACE \ / \ | spontiff | | 1668 Au | | killed by a | | giant mimic | | | | | | 2024 | *| * * * | * _________)/\\_//(\/(/\)/\//\/|_)_______ Goodbye spontiff the Healer... You died in The Dungeons of Doom on dungeon level 3 with 367 points, and 1668 pieces of gold, after 1401 moves. You were level 1 with a maximum of 27 hit points when you died.